 Dungeon Crawl Stone Soup version 0.29-a0-338-g1ff7896281 (webtiles) character file.

Game seed: 5316020522667034247

559 thiscave3701365 the Ruffian (level 7, -4/106 HPs)
             Began as a Troll Berserker on Apr 18, 2022.
             Was a Believer of Trog.
             Slain by a gnoll
             ... wielding a +0 scythe
              (7 damage)
             ... on level 8 of the Dungeon.
             The game lasted 00:04:00 (3282 turns).

thiscave3701365 the Ruffian (Troll Berserker)       Turns: 3282, Time: 00:04:00

Health: -4/106     AC:  5    Str: 34    XL:     7   Next: 9%
Magic:  6/6        EV:  7    Int:  3    God:    Trog [**....]
Gold:   133        SH:  9    Dex:  9    Spells: 6/6 levels left

rFire   . . .      SeeInvis .     - Unarmed
rCold   . . .      Faith    .   y - +0 tower shield
rNeg    . . .      Spirit   .   a - +0 animal skin
rPois   .          Reflect  .   (helmet restricted)
rElec   .          Harm     .   p - +0 cloak
rCorr   .          Rampage  .   (gloves unavailable)
Will    .....                   (boots unavailable)
Stlth   ..........              (no amulet)
HPRegen 1.07/turn               n - +6 ring of strength
MPRegen 0.10/turn               (no ring)

@: berserking (expiring), very quick
A: large, unfitting armour, claws 3, regeneration 1, shaggy fur 1, tough skin 1
a: Renounce Religion, Berserk, Trog's Hand


You were on level 8 of the Dungeon.
You worshipped Trog.
Trog was pleased with you.
You visited 1 branch of the dungeon, and saw 6 of its levels.

You collected 133 gold pieces.

Inventory:

Armour
 a - a +0 animal skin (worn)
 p - a +0 cloak (worn)
 y - a +0 tower shield (worn)
Jewellery
 n - a +6 ring of strength (left claw)
Wands
 j - a wand of charming (6)
 t - a wand of paralysis (1)
Scrolls
 c - 4 scrolls of magic mapping {unknown}
 d - 2 scrolls of immolation {unknown}
 f - a scroll of amnesia {unknown}
 i - a scroll of identify {unknown}
 k - 2 scrolls of torment {unknown}
 l - 2 scrolls of vulnerability {unknown}
 m - a scroll of fog {unknown}
 o - a scroll of enchant weapon {unknown}
 q - 2 scrolls of enchant armour {unknown}
 s - a scroll of holy word {unknown}
 v - a scroll of blinking {unknown}
Potions
 b - a potion of heal wounds {unknown}
 e - a potion of attraction {unknown}
 g - 3 potions of curing
 h - 3 potions of degeneration {unknown}
 r - 2 potions of flight {unknown}
 u - a potion of ambrosia {unknown}
 w - a potion of resistance {unknown}
 x - a potion of invisibility {unknown}
 z - a potion of brilliance {unknown}


   Skills:
 + Level 4.3 Fighting
 + Level 4.3 Dodging
 + Level 5.3 Unarmed Combat


You had 6 spell levels left.
You didn't know any spells.
Your spell library was empty.

Dungeon Overview and Level Annotations

Branches:
Dungeon (5/15)
 Temple: D:4-7

Altars:
Kikubaaqudgha
Yredelemnul

Shops:
D:5 *

Annotations:
D:3 3 runed translucent doors, pigah's ghost, amateur OpAE


Innate Abilities, Weirdness & Mutations

You are too large for most types of armour.
You have claws for hands.
Your natural rate of healing is unusually fast.
You are covered in fur. (AC +1)
You have tough skin. (AC +1)


Message History

You barely miss the gnoll.
The gnoll is moderately wounded.
The gnoll hits you with a +0 scythe. The gnoll hits you with a +0 scythe! x3
The gnoll hits you with a +0 scythe. You block the gnoll's attack.
Unknown command.
There are monsters nearby!
You are too injured to fight recklessly!
There are monsters nearby!
You are too injured to fight recklessly!
Unknown command.
There are monsters nearby!
You are too injured to fight recklessly!
Unknown command.
There are monsters nearby!
You are too injured to fight recklessly!
You are too injured to fight recklessly!
A red film seems to cover your vision as you go berserk!
You feel yourself moving faster!
You feel mighty! You block the gnoll's attack. The gnoll barely misses you.
The gnoll hits you with a +0 scythe!
* * * LOW HITPOINT WARNING * * *
You scratch the gnoll.
The gnoll is almost dead.
You scratch the gnoll but do no damage.
The gnoll is almost dead.
The gnoll barely misses you. x3
You claw the gnoll!
You kill the gnoll!
Trog accepts your kill. The gnoll closely misses you.
The gnoll hits you with a +0 scythe.
* * * LOW HITPOINT WARNING * * *
You barely miss the gnoll. The gnoll hits you with a +0 scythe!
* * * LOW HITPOINT WARNING * * *
The gnoll hits you with a +0 scythe!
* * * LOW HITPOINT WARNING * * *
You mangle the gnoll!!
You kill the gnoll!
Trog accepts your kill. You block the gnoll's attack.
You completely miss the gnoll. The gnoll hits you with a +0 scythe!
You die...

#..##>.# ##..##..#
+.......#
###########......#
#....#...##......#
#....#...##..##..#
#....#...##..#...#
#....+...#.......#
#....##'###..##@##
###.......#..#))g#
#.......#..#...#
#.......'..#####
#.......#......#
#......)#......#
#.......#......#
#.>.....########
#########


You could see a gnoll.

Vanquished Creatures
  Menkaure (D:4)
  Edmund (D:4)
  A centaur (D:8)
  A scorpion (D:4)
  Ijyb (D:4)
  Robin (D:4)
  4 gnolls
  4 adders
  An adder zombie (D:3)
  2 worms (D:2)
  2 dart slugs
  3 endoplasms
  3 giant cockroaches
  15 goblins
  9 hobgoblins
  2 jackals (D:3)
  3 quokkas
  7 ball pythons
  A ball python zombie (D:3)
  2 bats
  4 frilled lizards
  4 kobolds
  3 rats
75 creatures vanquished.

Notes
Turn   | Place    | Note
-------+----------+-------------------------------------------
     0 | D:1      | thiscave3701365 the Troll Berserker began the quest for the
                  | Orb.
     0 | D:1      | Reached XP level 1. HP: 22/22 MP: 0/0
   157 | D:1      | Reached XP level 2. HP: 19/29 MP: 1/1
   336 | D:1      | Found a faded altar of an unknown god.
   340 | D:1      | Reached XP level 3. HP: 34/36 MP: 2/2
  1022 | D:2      | Reached XP level 4. HP: 45/45 MP: 3/3
  1430 | D:3      | Reached ** piety under Trog
  1693 | D:3      | Reached skill level 4 in Unarmed Combat
  1858 | D:3      | Found an ancient bone altar of Kikubaaqudgha.
  2010 | D:3      | Found a runed translucent gate.
  2010 | D:3      | Found a runed translucent gate.
  2010 | D:3      | Found a runed translucent gate.
  2010 | D:3      | Noticed pigah's ghost (amateur OpAE)
  2012 | D:3      | Found a basalt altar of Yredelemnul.
  2203 | D:4      | Noticed a scorpion
  2207 | D:4      | Killed a scorpion
  2208 | D:4      | Reached XP level 5. HP: 53/53 MP: 4/4
  2309 | D:4      | Noticed Menkaure
  2321 | D:4      | Killed Menkaure
  2322 | D:4      | Reached XP level 6. HP: 50/62 MP: 5/5
  2363 | D:4      | Noticed Ijyb
  2364 | D:4      | Paralysed by Ijyb for 3 turns
  2375 | D:4      | Paralysed by Ijyb for 2 turns
  2378 | D:4      | Killed Ijyb
  2394 | D:4      | Found a glowing drain.
  2438 | D:4      | Noticed Robin
  2464 | D:4      | Killed Robin
  2581 | D:4      | Noticed Edmund
  2590 | D:4      | Killed Edmund
  2591 | D:4      | Reached skill level 5 in Unarmed Combat
  3187 | D:5      | Entered Level 5 of the Dungeon
  3187 | D:5      | Found Pekago's Elemental Accessories.
  3211 | D:5      | You fall into a shaft and drop 3 floors!
  3242 | D:8      | Reached XP level 7. HP: 60/70 MP: 6/6
  3280 | D:8      | HP: 1/106 [gnoll/+0 scythe (12)]
  3282 | D:8      | Slain by a gnoll

Illustrated notes

Levels and vault maps discovered:
D:1:      scummos_arrival_gate, layout_rooms,
          hellmonk_ecumenical_altar_slurped_away, dk_noncrumbling_3,
          minmay_split_cup_small
D:2:      layout_basic, serial_glass, glass_columns_c, glass_columns_a,
          glass_columns_b, glass_columns_b, glass_columns_a, glass_columns_a,
          glass_columns_c, glass_columns_a, minmay_misc_feat_more_columns,
          amcnicky_mini_rare_corridor_liquid, minmay_pentomino_w2
D:3:      layout_basic, nicolae_yredelemnul_ghost_church,
          overflow_temple_1_default, kennysheep_generic_room_5
D:4:      layout_loops_ring, portal_sewer_entry_e, columned_hall_lemuel,
          uniq_robin, uniq_menkaure, uniq_edmund, uniq_ijyb
D:5:      layout_basic, minmay_temple_entry_large_hall, serial_shops, shop,
          minmay_misc_feat_plants, nicolae_elemental_shop,
          minmay_misc_feat_room, uniq_duvessa
D:8:      layout_gridville, sigmund_army

Skill      XL: |  1  2  3  4  5  6 |
---------------+-------------------+-----
Fighting       | 3 4 |  4.3
Dodging        | 3 4 |  4.3
Unarmed Combat | 4 5 |  5.3

Action                   |  1- 3 |  4- 6 |  7- 9 || total
-------------------------+-------+-------+-------++-------
Melee: Unarmed           |    66 |   101 |     8 ||   175
       Punch             |     2 |     1 |       ||     3
Invok: Berserk           |     1 |     5 |     1 ||     7
Armor: Animal skin       |    16 |    50 |       ||    66
Dodge: Dodged            |    24 |    62 |     7 ||    93
Block: Tower shield      |       |     1 |     5 ||     6

Table legend: (Time is in decaauts)
 A = Elapsed time spent in this place.
 B = Non-inter-level travel time spent in this place.
 C = Inter-level travel time spent in this place.
 D = Time resting spent in this place.
 E = Time spent auto-exploring this place.
 F = Levels seen in this place.
 G = Mean time per level.
                   A        B        C        D        E       F      G
               +--------+--------+--------+--------+--------+-----+--------+
         Total |   3335 |   3103 |    232 |    197 |   2454 |   6 |  555.8 |
       Dungeon |   3335 |   3103 |    232 |    197 |   2454 |   6 |  555.8 |
               +--------+--------+--------+--------+--------+-----+--------+

Top non-repeatable levels by time:
     D:4: 1039 daAuts
     D:2: 872 daAuts
     D:3: 815 daAuts
     D:1: 513 daAuts
     D:8: 71 daAuts
     D:5: 23 daAuts
